AoeStats
← Abetterhandle

MegaRandom

508616323Analyzed
4v4 RM · 10d ago on Sep 23, 2026· 11m 50s· 8 players
Game mode
Random Map
Map size
Large (8 player)
Population
200
Speed
Normal
Resources
Standard
Victory
Conquest
Starting age
Dark Age
Ending age
Imperial Age
RankedLock teamsTeams togetherTeam positionsShared explorationLock speedFull tech treeHidden civsTurbo modeCheats
Victory
Defeat
🇨🇳 Chinese · China
902
+26
🇪🇸 Huns · Spain
887
+17
🇳🇿 Dravidians · New Zealand
880
+18
🇳🇱 Malians · Netherlands
854
+18
🇹🇷 Italians · Türkiye
951
-20
🇨🇳 Khmer · China
936
-18
🇸🇪 Danes · Sweden
936
-18
🇨🇿 Burmese · Czechia
829
-14
Abetterhandle
4:08 Loom
9:29 Feudal Age
10:20 Double-Bit Axe
frankonil
5:54 Loom
10:14 Feudal Age
11:49 Double-Bit Axe
Rilenzo
8:58 Feudal Age
10:24 Loom
瀚瀚不错
12:45 Feudal Age
Kacaba
3:04 Loom
12:34 Feudal Age
macke
11:29 Feudal Age
9:44 Loom
King of Negev
1:50 Loom
10:54 Feudal Age
電動遊戯
9:17 Loom
13:18 Feudal Age
Connection lost

Rejoining the realm…

Still unreachable

The connection could not be restored.

Session expired

The server has moved on; the page needs a fresh start.